3L
DETROIT RENAISSANCE @ ECHO PARK LAKERS
09/17/2031
 
TOP OF THE 1ST
Detroit Renaissance batting - Pitching for Echo Park Lakers : LHP Mike Owens
Pitching: LHP Mike Owens
Batting: RHB Pablo Marrero 0-0: Ball
1-0: Ground out 5-3 (Groundball, 5)
Batting: SHB David Martínez 0-0: Called Strike
0-1: Ball
1-1: Ball
2-1: Fly out, F3 (Popup, 3F)
Batting: LHB Javier Sánchez 0-0: Ball
1-0: DOUBLE (Line Drive, 3D)
Batting: LHB Todd Henry 0-0: Ball
1-0: DOUBLE (Flyball, 9LD)
Javier Sánchez scores
Batting: RHB Moisés Quintana 0-0: Swinging Strike
Balk!
Todd Henry to third
0-1: Ball
1-1: Called Strike
1-2: Strikes out looking
Top of the 1st over - 1 run, 2 hits, 0 errors, 1 left on base; Detroit 1 - Echo Park 0
BOTTOM OF THE 1ST
Echo Park Lakers batting - Pitching for Detroit Renaissance : RHP Javier Castillo
Pitching: RHP Javier Castillo
Batting: RHB Guillermo Coss 0-0: Ball
1-0: Ground out 6-3 (Groundball, 6)
Batting: RHB Jesús Villalba 0-0: Called Strike
0-1: Ball
1-1: Ball
2-1: Ball
3-1: Called Strike
3-2: Strikes out swinging
Batting: RHB Kumanosuke Abe 0-0: Ball
1-0: Foul Ball, location: 2F
1-1: Ball
2-1: Foul Ball, location: 2F
2-2: Ball
3-2: Fly out, F9 (Flyball, 9)
Bottom of the 1st over - 0 runs, 0 hits, 0 errors, 0 left on base; Detroit 1 - Echo Park 0
TOP OF THE 2ND
Detroit Renaissance batting - Pitching for Echo Park Lakers : LHP Mike Owens
Batting: LHB Josh Platt 0-0: Called Strike
0-1: Ball
1-1: Ball
2-1: Swinging Strike
2-2: Fly out, F4 (Popup, 4)
Batting: LHB Elian Gonzalez 0-0: Ball
1-0: Swinging Strike
1-1: Ball
2-1: Fly out, F9 (Line Drive, 89D)
Batting: RHB Sixto Estrada 0-0: Ball
1-0: Foul Ball, location: 2F
1-1: Ball
2-1: Hit by Pitch
Batting: LHB Alexis Raimbault 0-0: Called Strike
0-1: Ball
1-1: Foul Ball, location: 2F
1-2: Foul Ball, location: 2F
1-2: Ball
2-2: SINGLE (Groundball, 56D)
Sixto Estrada to second
Runner from 2nd tries for 3rd, SAFE, no throw
Batting: RHB Pablo Marrero 0-0: Ball
Alexis Raimbault steals 2nd base
1-0: Called Strike
1-1: Ball
2-1: Foul Ball, location: 2F
2-2: Ball
3-2: Strikes out swinging
Top of the 2nd over - 0 runs, 1 hit, 0 errors, 2 left on base; Detroit 1 - Echo Park 0
BOTTOM OF THE 2ND
Echo Park Lakers batting - Pitching for Detroit Renaissance : RHP Javier Castillo
Batting: RHB Chris Harrell 0-0: Ball
1-0: Ground out 5-3 (Groundball, 5)
Batting: LHB Stefan Vanderhoof 0-0: Single, Error in OF, E8, batter to second base
Batting: RHB Freddy Torres 0-0: Called Strike
0-1: Ball
1-1: Ground out 5-3 (Groundball, 56S)
Stefan Vanderhoof to third
Batting: RHB Habbo Allaart 0-0: Ball
1-0: Ball
2-0: Called Strike
2-1: Foul Ball, location: 2F
2-2: Strikes out swinging
Bottom of the 2nd over - 0 runs, 1 hit, 1 error, 1 left on base; Detroit 1 - Echo Park 0
TOP OF THE 3RD
Detroit Renaissance batting - Pitching for Echo Park Lakers : LHP Mike Owens
Batting: SHB David Martínez 0-0: Called Strike
0-1: Foul Ball, location: 2F
0-2: Fly out, F4 (Popup, 34D)
Batting: LHB Javier Sánchez 0-0: Called Strike
0-1: Fly out, F8 (Line Drive, 8LD)
Batting: LHB Todd Henry 0-0: Ball
1-0: Called Strike
1-1: Fly out, F9 (Flyball, 9LSF)
Top of the 3rd over - 0 runs, 0 hits, 0 errors, 0 left on base; Detroit 1 - Echo Park 0
BOTTOM OF THE 3RD
Echo Park Lakers batting - Pitching for Detroit Renaissance : RHP Javier Castillo
Batting: RHB Ismael Sandoval 0-0: Swinging Strike
0-1: Ball
1-1: Swinging Strike
1-2: Strikes out looking
Batting: RHB Jeff Green 0-0: Ball
1-0: Ball
2-0: Ball
3-0: Called Strike
3-1: Foul Ball, location: 2F
3-2: Strikes out swinging
Batting: RHB Guillermo Coss 0-0: Called Strike
0-1: Swinging Strike
0-2: Ball
1-2: Ball
2-2: Ball
3-2: Foul Ball, location: 2F
3-2: Ground out 3-1 (Groundball, 34)
Bottom of the 3rd over - 0 runs, 0 hits, 0 errors, 0 left on base; Detroit 1 - Echo Park 0
TOP OF THE 4TH
Detroit Renaissance batting - Pitching for Echo Park Lakers : LHP Mike Owens
Batting: RHB Moisés Quintana 0-0: Ball
1-0: Foul Ball, location: 2F
1-1: SINGLE (Groundball, 6MD)
Batting: LHB Josh Platt 0-0: Ball
1-0: Called Strike
1-1: Ball
2-1: Swinging Strike
2-2: Foul Ball, location: 2F
2-2: Strikes out swinging
Batting: LHB Elian Gonzalez 0-0: Called Strike
0-1: Called Strike
0-2: Strikes out swinging
Batting: RHB Sixto Estrada 0-0: Ball
1-0: Ball
2-0: Ground out 1-3 (Groundball, P)
Top of the 4th over - 0 runs, 1 hit, 0 errors, 1 left on base; Detroit 1 - Echo Park 0
BOTTOM OF THE 4TH
Echo Park Lakers batting - Pitching for Detroit Renaissance : RHP Javier Castillo
Batting: RHB Jesús Villalba 0-0: Foul Ball, location: 2F
0-1: Ball
1-1: Ball
2-1: Fly out, F8 (Flyball, 89M)
Batting: RHB Kumanosuke Abe 0-0: Foul Ball, location: 2F
0-1: Swinging Strike
0-2: Ball
1-2: Ball
2-2: DOUBLE (Line Drive, 9LS)
Batting: RHB Chris Harrell 0-0: Ball
1-0: Fly out, F8 (Flyball, 8LXD)
Runner from 2nd tags up, SAFE at 3rd, no throw
Batting: LHB Stefan Vanderhoof 0-0: Ground out U3 (Groundball, 34)
Bottom of the 4th over - 0 runs, 1 hit, 0 errors, 1 left on base; Detroit 1 - Echo Park 0
TOP OF THE 5TH
Detroit Renaissance batting - Pitching for Echo Park Lakers : LHP Mike Owens
Batting: LHB Alexis Raimbault 0-0: Ball
1-0: Swinging Strike
1-1: Ball
2-1: Ground out 3-1 (Groundball, 34S)
Batting: RHB Pablo Marrero 0-0: Foul Ball, location: 2F
0-1: Swinging Strike
0-2: Ball
1-2: Foul Ball, location: 2F
1-2: Strikes out swinging
Batting: SHB David Martínez 0-0: SINGLE (Line Drive, 7S)
Batting: LHB Javier Sánchez 0-0: Ball
1-0: Ball
2-0: SINGLE (Line Drive, 9S)
David Martínez to second
Batting: LHB Todd Henry 0-0: Ball
1-0: Foul Ball, location: 2F
1-1: Ball
2-1: Foul Ball, location: 2F
2-2: Strikes out swinging
Top of the 5th over - 0 runs, 2 hits, 0 errors, 2 left on base; Detroit 1 - Echo Park 0
BOTTOM OF THE 5TH
Echo Park Lakers batting - Pitching for Detroit Renaissance : RHP Javier Castillo
Batting: RHB Freddy Torres 0-0: Called Strike
0-1: DOUBLE (Line Drive, 7LS)
Batting: RHB Habbo Allaart 0-0: Ball
1-0: Fly out, F8 (Flyball, 8RS)
Batting: RHB Ismael Sandoval 0-0: Called Strike
Freddy Torres steals 3rd base
0-1: Foul Ball, location: 2F
0-2: Ball
1-2: Foul Ball, location: 2F
1-2: Ground out 4-3 (Groundball, 4D)
Freddy Torres scores
Batting: RHB Jeff Green 0-0: Ball
1-0: Swinging Strike
1-1: SOLO HOME RUN (Flyball, 7D), Distance : 385 ft
Batting: RHB Guillermo Coss 0-0: Ball
1-0: Called Strike
1-1: Ground out 6-3 (Groundball, 56)
Bottom of the 5th over - 2 runs, 2 hits, 0 errors, 0 left on base; Detroit 1 - Echo Park 2
TOP OF THE 6TH
Detroit Renaissance batting - Pitching for Echo Park Lakers : LHP Mike Owens
Batting: RHB Moisés Quintana 0-0: Ball
1-0: Swinging Strike
1-1: Ground out 4-3 (Groundball, 4)
Batting: LHB Josh Platt 0-0: Ball
1-0: Called Strike
1-1: Called Strike
1-2: Strikes out swinging
Batting: LHB Elian Gonzalez 0-0: Ball
1-0: Fly out, F9 (Flyball, 9LS)
Top of the 6th over - 0 runs, 0 hits, 0 errors, 0 left on base; Detroit 1 - Echo Park 2
BOTTOM OF THE 6TH
Echo Park Lakers batting - Pitching for Detroit Renaissance : RHP Javier Castillo
Batting: RHB Jesús Villalba 0-0: Reached on error, E6 (Groundball, 6)
Batting: RHB Kumanosuke Abe 0-0: Ball
1-0: Foul Ball, location: 2F
1-1: Called Strike
1-2: Foul Ball, location: 2F
1-2: Ball
2-2: Strikes out swinging
Batting: RHB Chris Harrell 0-0: Ball
Jesús Villalba steals 2nd base
1-0: SINGLE (Groundball, 4D)
Jesús Villalba to third
Runner from 3rd tries for Home, SAFE, no throw
Batting: LHB Stefan Vanderhoof 0-0: Fly out, F8 (Flyball, 89M)
Batting: RHB Freddy Torres 0-0: Fielders Choice at 2nd, 5-4 (Groundball, 56)
Bottom of the 6th over - 1 run, 1 hit, 1 error, 1 left on base; Detroit 1 - Echo Park 3
TOP OF THE 7TH
Detroit Renaissance batting - Pitching for Echo Park Lakers : LHP Mike Owens
Batting: RHB Sixto Estrada 0-0: SINGLE (Line Drive, 89M)
Batting: LHB Alexis Raimbault 0-0: Called Strike
Throwing error on steal attempt, E2
Sixto Estrada to third
0-1: Ball
1-1: Called Strike
1-2: Foul Ball, location: 2F
1-2: SINGLE (Groundball, 6M)
Sixto Estrada scores
Batting: RHB Pablo Marrero 0-0: Called Strike
0-1: Ball
1-1: Ball
2-1: Ball
3-1: Sac Bunt - play at first, batter OUT! 1-3
Alexis Raimbault to second
Batting: SHB David Martínez 0-0: SINGLE (Groundball, 4MD)
Alexis Raimbault to third
Runner from 3rd tries for Home, SAFE, throw made home
Pitching: LHP Kaluka Wene
Batting: LHB Javier Sánchez 0-0: Ball
1-0: Foul Ball, location: 2F
1-1: Ball
2-1: Swinging Strike
2-2: Grounds into double play, 5-4-3 (Groundball, 6)
Top of the 7th over - 2 runs, 3 hits, 1 error, 0 left on base; Detroit 3 - Echo Park 3
BOTTOM OF THE 7TH
Echo Park Lakers batting - Pitching for Detroit Renaissance : RHP Javier Castillo
Pinch Hitting: LHB Juan Medina 0-0: Swinging Strike
0-1: Ground out 6-3 (Groundball, 6)
Batting: RHB Ismael Sandoval 0-0: Called Strike
0-1: Fly out, F4 (Line Drive, 4MD)
Batting: RHB Jeff Green 0-0: Ball
1-0: Ball
2-0: Called Strike
2-1: Called Strike
2-2: Foul Ball, location: 2F
2-2: Ball
3-2: Base on Balls
Batting: RHB Guillermo Coss 0-0: Ball
1-0: Swinging Strike
1-1: 2-RUN HOME RUN (Flyball, 7D), Distance : 391 ft
Batting: RHB Jesús Villalba 0-0: Ball
1-0: Called Strike
1-1: Ball
2-1: Ball
3-1: Base on Balls
Batting: RHB Kumanosuke Abe 0-0: Ball
1-0: Ball
Jesús Villalba steals 2nd base
2-0: Fly out, F5 (Line Drive, 5S)
Bottom of the 7th over - 2 runs, 1 hit, 0 errors, 1 left on base; Detroit 3 - Echo Park 5
TOP OF THE 8TH
Detroit Renaissance batting - Pitching for Echo Park Lakers : LHP Kaluka Wene
Now in RF: Juan Medina
Batting: LHB Todd Henry 0-0: Called Strike
0-1: Ball
1-1: Ball
2-1: Ball
3-1: Called Strike
3-2: Foul Ball, location: 2F
3-2: Base on Balls
Batting: RHB Moisés Quintana 0-0: Ball
1-0: Foul Ball, location: 2F
1-1: Foul Ball, location: 2F
1-2: Foul Ball, location: 2F
1-2: Foul Ball, location: 2F
1-2: Fly out, F8 (Flyball, 8LM)
Batting: LHB Josh Platt 0-0: SINGLE (Groundball, 34D)
Todd Henry to second
Batting: LHB Elian Gonzalez 0-0: Ball
1-0: Ball
2-0: Called Strike
2-1: Foul Ball, location: 2F
2-2: Foul Ball, location: 2F
2-2: Grounds into double play, 4-6-3 (Groundball, 4)
Top of the 8th over - 0 runs, 1 hit, 0 errors, 1 left on base; Detroit 3 - Echo Park 5
BOTTOM OF THE 8TH
Echo Park Lakers batting - Pitching for Detroit Renaissance : RHP Javier Castillo
Batting: RHB Chris Harrell 0-0: Ball
1-0: Called Strike
1-1: Ball
2-1: Foul Ball, location: 2F
2-2: Foul Ball, location: 2F
2-2: Ground out 6-3 (Groundball, 6)
Batting: LHB Stefan Vanderhoof 0-0: Foul Ball, location: 2F
0-1: Ground out 4-3 (Groundball, 4)
Batting: RHB Freddy Torres 0-0: Called Strike
0-1: Ball
1-1: Called Strike
1-2: Ball
2-2: Foul Ball, location: 2F
2-2: Ground out U3 (Groundball, 3)
Bottom of the 8th over - 0 runs, 0 hits, 0 errors, 0 left on base; Detroit 3 - Echo Park 5
TOP OF THE 9TH
Detroit Renaissance batting - Pitching for Echo Park Lakers : LHP Kaluka Wene
Pitching: RHP Stef Dijkman
Batting: RHB Sixto Estrada 0-0: Called Strike
0-1: Ball
1-1: Foul Ball, location: 2F
1-2: Foul Ball, location: 2F
1-2: DOUBLE (Line Drive, 7LM)
Batting: LHB Alexis Raimbault 0-0: Ball
1-0: Ball
2-0: Ball
3-0: Called Strike
3-1: Foul Ball, location: 2F
3-2: Foul Ball, location: 2F
3-2: Base on Balls
Batting: RHB Pablo Marrero 0-0: Ball
1-0: Foul Ball, location: 2F
1-1: Ball
2-1: SINGLE (Groundball, 6MD)
Sixto Estrada to third
Alexis Raimbault to second
Batting: SHB David Martínez 0-0: Ball
1-0: Ball
2-0: Called Strike
2-1: Foul Ball, location: 2F
2-2: Strikes out swinging
Batting: LHB Javier Sánchez 0-0: Ball
1-0: Swinging Strike
1-1: Called Strike
1-2: Foul Ball, location: 2F
1-2: Strikes out looking
Batting: LHB Todd Henry 0-0: Fly out, F8 (Flyball, 8RM)
Top of the 9th over - 0 runs, 2 hits, 0 errors, 3 left on base; Detroit 3 - Echo Park 5
Tuesday, June 12th, 2018 - OOTP Baseball 18.8 Build 76